 Dungeon Crawl Stone Soup version 0.27.1-1-g398f81649c (webtiles) character file.

Game seed: 2293335939840878780

748 greenlake the Skirmisher (level 7, -2/132 HPs)
             Began as a Demonspawn Fighter on Sept 14, 2021.
             Was an Initiate of Okawaru.
             Slain by Menkaure (7 damage)
             ... on level 5 of the Dungeon.
             The game lasted 00:12:38 (5917 turns).

greenlake the Skirmisher (Demonspawn Fighter)       Turns: 5917, Time: 00:12:39

Health: -2/132     AC: 23    Str: 15 (18) XL:     7   Next: 48%
Magic:  2/2        EV:  2    Int:  7 (9)  God:    Okawaru [......]
Gold:   97         SH:  4    Dex: 10 (13) Spells: 6/6 levels left

rFire    . . .     SeeInvis +   n - +2 hand axe (antimagic)
rCold    . . .     Faith    .   (no shield)
rNeg     + + +     Spirit   .   (armour currently unavailable)
rPois    +         Reflect  .   (helmet currently unavailable)
rElec    .         Harm     .   (cloak currently unavailable)
rCorr    .         Rampage  .   (gloves currently unavailable)
Will     .....     NoTele   +   (boots currently unavailable)
Stlth    ..........             (no amulet)
HPRegen  0.32/turn              e - ring of see invisible
MPRegen  0.08/turn              (no ring)

@: berserking, tree-form, very quick
A: stationary, stasis, torment immunity, boosted hp, (antennae 1), (claws 2),
(talons 2), condensation shield
a: Renounce Religion


You were on level 5 of the Dungeon.
You worshipped Okawaru.
Okawaru was noncommittal.
You were a tree.
You visited 2 branches of the dungeon, and saw 6 of its levels.

You collected 97 gold pieces.

Inventory:

Hand Weapons
 a - a +0 flail
 n - a +2 antimagic hand axe (weapon)
 s - a +1 vorpal hand axe
Missiles
 r - 11 boomerangs (quivered)
 u - 20 poisoned darts
Armour
 b - a +0 scale mail (melded)
 c - a +0 kite shield
 f - a +2 pair of boots (melded)
Jewellery
 e - a ring of see invisible (left branch)
Scrolls
 h - 2 scrolls of noise {unknown}
 j - a scroll of blinking {unknown}
 l - a scroll of teleportation {unknown}
 o - a scroll of fear {unknown}
 p - a scroll of enchant armour {unknown}
 t - a scroll of magic mapping {unknown}
 w - a scroll of amnesia {unknown}
 x - a scroll of torment {unknown}
Potions
 d - 2 potions of might
 g - a potion of cancellation {unknown}
 i - 2 potions of lignification
 k - a potion of resistance {unknown}
 m - a potion of degeneration
 q - a potion of berserk rage
 v - a potion of flight {unknown}


   Skills:
 + Level 6.5 Fighting
 - Level 3.4 Maces & Flails
 + Level 5.0 Armour
 - Level 0.8 Dodging
 + Level 0.3 Stealth
 - Level 2.6 Shields


You had 6 spell levels left.
You didn't know any spells.
Your spell library contained the following spells:

 Spells                   Type           Power      Damage    Failure   Level
 Beastly Appendage        Tmut           0%         N/A       43%         1
 Sting                    Tmut/Pois      0%         1d3       43%         1
 Poisonous Vapours        Pois/Air       0%         N/A       56%         2
 Sublimation of Blood     Necr           0%         N/A       56%         2
 Wereblood                Tmut           0%         N/A       56%         2
 Spider Form              Tmut/Pois      0%         N/A       80%         3
 Olgreb's Toxic Radiance  Pois           0%         N/A       99%         4
 Summon Lightning Spire   Summ/Air       0%         N/A       99%         4
 Storm Form               Tmut/Air       0%         N/A       100%        7
 Summon Hydra             Summ           0%         N/A       100%        7
 Maxwell's Capacitive Co  Air            0%         ∞         100%        8


Dungeon Overview and Level Annotations

Branches:
Dungeon (5/15)             Temple (1/1) D:5

Altars:
Ashenzari
Cheibriados
Dithmenos
Elyvilon
Gozag
Hepliaklqana
Kikubaaqudgha
Makhleb
Nemelex Xobeh
Okawaru
Ru
Sif Muna
Trog
Uskayaw
Vehumet
Wu Jian
Xom
Yredelemnul
Zin
The Shining One

Shops:
D:2 *

Annotations:
D:2 1 runed translucent door, Crazy Yiuf
D:3 1 runed translucent door, speeev33's ghost, weakling HOFi
D:4 3 runed translucent doors, Edmund; pbellow's ghost, novice HOFi
D:5 Menkaure


Innate Abilities, Weirdness & Mutations

You are a tree.
Your roots penetrate the ground, keeping you stationary.
You cannot be teleported.
You are immune to unholy pain and torment.
Your maximum health is greatly increased.
Your equipment is partially melded.
((You have a pair of small antennae on your head.))
((You have very sharp fingernails.))
((You have razor-sharp toenails.))
A meltable shield of frost defends you. (SH +4)


Message History

Okawaru welcomes you!
Okay, then.
There is a staircase back to the Dungeon here.
You can't go down here!
You climb upwards.
Welcome back to the Dungeon!
Level annotation: Menkaure
There is a staircase to the Ecumenical Temple here.
Menkaure murmurs drily.
Menkaure gestures wildly while chanting.
Menkaure seems to speed up.
Menkaure calls on the powers of darkness!
Your body is wracked with pain!
You block Menkaure's attack.
You barely miss Menkaure. Menkaure casts a spell at you.
Pain shoots through your body!
Menkaure forgets how to speak, silenced by the ages.
Menkaure barely misses you.
You hit Menkaure but do no damage. Menkaure casts a spell at you.
Pain shoots through your body!
* * * LOW HITPOINT WARNING * * *
You hit Menkaure.
Menkaure's magic leaks into the air.
Menkaure is lightly damaged.
Menkaure hits you!
* * * LOW HITPOINT WARNING * * *
It was a potion of lignification.
You turn into a tree.
Your +2 pair of boots melds into your body.
Your +0 scale mail melds into your body.
Your roots penetrate the ground.
Menkaure hits you.
* * * LOW HITPOINT WARNING * * *
Menkaure hits you but does no damage.
It was a potion of degeneration.
There was something very wrong with that liquid.
You feel weakened.
You feel dopey.
You feel clumsy. Menkaure hits you but does no damage.
It was a potion of berserk rage.
A red film seems to cover your vision as you go berserk!
You feel yourself moving faster!
You feel mighty! Menkaure hits you!
You die...

.......####........
...........###.##.#
.....#.#...#...#..#
....#.#.#....###..#
...#.#.#.#..#....#
....#.>.#.......#######
...#.#.#.#.....##.....#
....#.#.#.......#.....#
.....#.#.......M♣.....#
......................#
......................#
.....#########..#.....#
#.... #.......... #..
#..#.....##. ####.....#
. #######


You could see Menkaure (fast).

Vanquished Creatures
  Sigmund (D:3)
  A sky beast (D:5)
  A necrophage (D:5)
  A phantom (D:4)
  2 scorpions
  A hound (D:5)
  Jessica (D:3)
  An orc wizard (D:4)
  A hound zombie (D:4)
  5 adders
  An adder skeleton (D:4)
  A dart slug (D:1)
  2 worms
  4 orcs
  A ball python (D:2)
  7 endoplasms
  3 giant cockroaches
  7 hobgoblins
  3 quokkas
  2 bats (D:3)
  4 frilled lizards
  11 goblins
  6 kobolds
  8 rats
75 creatures vanquished.

Vanquished Creatures (others)
  3 plants (D:3)
3 creatures vanquished.

Grand Total: 78 creatures vanquished

Notes
Turn   | Place    | Note
-------+----------+-------------------------------------------
     0 | D:1      | greenlake the Demonspawn Fighter began the quest for the
                  | Orb.
     0 | D:1      | Reached XP level 1. HP: 18/18 MP: 1/1
   546 | D:1      | Gained mutation: A meltable shield of frost defends you.
                  | (SH +4) [demonic ancestry]
   546 | D:1      | Reached XP level 2. HP: 24/24 MP: 2/2
  1131 | D:2      | Found a faded altar of an unknown god.
  1316 | D:2      | Found Omuoruti's General Store.
  1358 | D:2      | Found a runed translucent door.
  1359 | D:2      | Noticed Crazy Yiuf
  1771 | D:2      | Found an ornate altar of the Wu Jian Council.
  1797 | D:2      | Gained mutation: You have sharp fingernails. [demonic
                  | ancestry]
  1797 | D:2      | Reached XP level 3. HP: 22/30 MP: 3/3
  2904 | D:3      | Noticed Jessica
  2910 | D:3      | Killed Jessica
  2911 | D:3      | Gained mutation: You have very sharp fingernails. [demonic
                  | ancestry]
  2911 | D:3      | Reached XP level 4. HP: 36/37 MP: 4/4
  3344 | D:3      | Found a sparkling altar of Nemelex Xobeh.
  3354 | D:3      | Found an opulent altar of Gozag.
  3372 | D:3      | Found a shadowy altar of Dithmenos.
  3445 | D:3      | Noticed Sigmund
  3471 | D:3      | Killed Sigmund
  3472 | D:3      | Reached skill level 5 in Fighting
  3472 | D:3      | Gained mutation: You have sharp toenails. [demonic
                  | ancestry]
  3472 | D:3      | Reached XP level 5. HP: 28/44 MP: 1/5
  3814 | D:3      | Found a runed translucent door.
  3817 | D:3      | Noticed speeev33's ghost (weakling HOFi)
  3834 | D:3      | Gained mutation: You have a pair of small antennae on your
                  | head. [demonic ancestry]
  3834 | D:3      | Reached XP level 6. HP: 48/51 MP: 2/6
  4187 | D:4      | Noticed pbellow's ghost (novice HOFi)
  4399 | D:4      | Noticed Edmund
  4601 | D:4      | Found a runed translucent gate.
  4601 | D:4      | Found a runed translucent gate.
  4601 | D:4      | Found a runed translucent gate.
  5084 | D:5      | Entered Level 5 of the Dungeon
  5105 | D:5      | Reached skill level 6 in Fighting
  5105 | D:5      | Gained mutation: You have razor-sharp toenails. [demonic
                  | ancestry]
  5105 | D:5      | Reached XP level 7. HP: 32/58 MP: 2/7
  5502 | D:5      | Found a staircase to the Ecumenical Temple.
  5523 | D:5      | Reached skill level 5 in Armour
  5530 | D:5      | Noticed Menkaure
  5538 | Temple   | Entered the Ecumenical Temple
  5873 | Temple   | Became a worshipper of Warmaster Okawaru
  5915 | D:5      | HP: 3/88 [Menkaure (2)]
  5917 | D:5      | Slain by Menkaure

Illustrated notes

Levels and vault maps discovered:
D:1:      tarquinn_simple_flora_water_d, layout_basic, minivault_14
D:2:      layout_basic, basic_altar, serial_shops,
          nicolae_shop_competitors_out_of_business,
          chequers_ecumenical_altar_lobes, uniq_crazy_yiuf_cottage
D:3:      layout_basic, good_gods_mini_temple,
          nemelex_xobeh_ov_fountains_minmay, old_standard_altar,
          nicolae_dithmenos_through_a_glass_darkly, gammafunk_ghost_grave,
          serial_aquarium, aquarium_bridge_straight [aquarium_subvault_bridge,
          aquarium_subvault_wall, aquarium_subvault_bridge,
          aquarium_subvault_wall], aquarium_window_fake, aquarium_window_1,
          aquarium_window_corridor_1, aquarium_window_fake, aquarium_view_2c,
          aquarium_view_2d, minmay_fractal_squares_diagonal_5, uniq_jessica,
          uniq_sigmund
D:4:      layout_gridville, gammafunk_ghost_icy, uniq_edmund
D:5:      layout_rooms, mainiacjoe_overflow_alcove_2, minmay_temple_entry_grid,
          serial_shops, nicolae_lakefront_shop, uniq_menkaure
Temple:   dpeg_chambers_temple

Skill      XL: |  1  2  3  4  5  6  7 |
---------------+----------------------+-----
Maces & Flails | 2 3 |  3.4
Fighting       | 5 6 |  6.5
Armour         | 3 4 5 |  5.0
Dodging        | |  0.8
Stealth        | |  0.3
Shields        | |  2.6

Action                   |  1- 3 |  4- 6 |  7- 9 || total
-------------------------+-------+-------+-------++-------
Melee: Flail             |   108 |    60 |       ||   168
       Hand axe          |       |   150 |    62 ||   212
  Use: Potion            |       |       |     3 ||     3
Armor: Scale mail        |    50 |    99 |    28 ||   177
       Skin              |       |       |     2 ||     2
Dodge: Dodged            |    45 |   107 |    30 ||   182
Block: Other             |    17 |    38 |    16 ||    71
